 Dungeon Crawl Stone Soup version 0.29.1-15-g9cfb28693d (webtiles) character file.

Game seed: 11457550648614836296

51988 MacCMillion the Brawler (level 14, 0/143 HPs)
             Began as a Troll Fighter on Feb 22, 2023.
             Was a High Priest of Wu Jian.
             Slain by a 14-headed hydra (5 damage)
             ... on level 5 of the Lair of Beasts.
             The game lasted 00:48:54 (20367 turns).

MacCMillion the Brawler (Troll Fighter)            Turns: 20367, Time: 00:48:55

Health: 0/143      AC:  9    Str: 39    XL:     14   Next: 25%
Magic:  13/13      EV: 11    Int: 15    God:    Wu Jian [*****.]
Gold:   922        SH: 10    Dex:  9    Spells: 13/13 levels left

rFire   . . .      SeeInvis .     - Unarmed
rCold   . . .      Faith    .   b - +0 kite shield
rNeg    . . .      Spirit   .   L - +0 steam dragon scales
rPois   +          Reflect  .   S - +1 hat
rElec   .          Harm     .   U - +0 cloak of Riuwuah {rPois Int+7}
rCorr   .          Rampage  .   (gloves unavailable)
Will    +....                   (boots unavailable)
Stlth   +.........              e - amulet of regeneration
HPRegen 1.93/turn               M - +6 ring of strength
MPRegen 0.13/turn               k - +6 ring of strength

@: exhausted
A: large, unfitting armour, claws 3, regeneration 1, shaggy fur 1, tough skin 1
a: Renounce Religion, Wall Jump, Serpent's Lash, Heavenly Storm


You were on level 5 of the Lair of Beasts.
You worshipped Wu Jian.
Wu Jian was extremely pleased with you.
You visited 3 branches of the dungeon, and saw 18 of its levels.
You also visited: Ossuary, Bailey and Gauntlet.

You collected 1102 gold pieces.
You spent 180 gold pieces at shops.

Inventory:

Missiles
 d - 5 atropa-tipped darts
 j - 11 poisoned darts
 m - 6 javelins
 T - 2 throwing nets (quivered)
 W - 8 silver javelins
Armour
 b - a +0 kite shield (worn)
 L - +0 steam dragon scales (worn)
 O - a +0 cloak
 S - a +1 hat (worn)
 U - the +0 cloak of Riuwuah (worn) {rPois Int+7}
   (You found it in a Gauntlet)

   Int:       It affects your intelligence (+7).
   rPois:     It protects you from poison.
 V - the +0 hat of Beogh's Benevolence {Fly rF+ rC+ SInv}
   (You found it in a Gauntlet)

   rF:        It protects you from fire.
   rC:        It protects you from cold.
   SInv:      It lets you see invisible.
   Fly:       It grants you flight.
Jewellery
 e - an amulet of regeneration (around neck)
 h - a ring of see invisible
 k - a +6 ring of strength (right claw)
 A - a ring of protection from cold
 I - a ring of resist corrosion
 M - a +6 ring of strength (left claw)
 Y - a ring of protection from cold
Wands
 t - a wand of flame (9)
 B - a wand of digging (9)
 E - a wand of acid (9)
 P - a wand of iceblast (10)
 R - a wand of charming (17)
 X - a wand of mindburst (21)
Scrolls
 a - 2 scrolls of poison
 i - 2 scrolls of vulnerability
 l - 4 scrolls of magic mapping
 n - a scroll of identify
 p - 6 scrolls of teleportation
 q - 3 scrolls of amnesia
 r - 4 scrolls of immolation
 v - 3 scrolls of acquirement {unknown}
 w - 3 scrolls of enchant weapon
 x - 3 scrolls of butterflies
 y - 2 scrolls of silence {unknown}
 C - 2 scrolls of blinking
 D - 6 scrolls of fear {unknown}
 Q - 2 scrolls of brand weapon {unknown}
Potions
 c - 4 potions of might
 f - a potion of cancellation {unknown}
 g - a potion of invisibility {unknown}
 o - 4 potions of flight
 s - 10 potions of curing
 u - a potion of magic {unknown}
 z - a potion of heal wounds
 F - 4 potions of haste
 G - 3 potions of mutation
 H - a potion of attraction {unknown}
 J - a potion of brilliance {unknown}
 K - 2 potions of berserk rage
 N - 2 potions of lignification {unknown}
Miscellaneous
 Z - a box of beasts


   Skills:
 + Level 10.3 Fighting
 + Level 9.0 Dodging
 + Level 11.2 Shields
 * Level 16.4 Unarmed Combat


You had 13 spell levels left.
You didn't know any spells.
Your spell library contained the following spells:

 Spells                   Type           Power      Damage    Failure   Level
 Sting                    Tmut/Pois      0%         1d3       43%         1
 Poisonous Vapours        Pois/Air       0%         N/A       58%         2
 Sublimation of Blood     Necr           0%         N/A       58%         2
 Wereblood                Tmut           0%         N/A       58%         2
 Call Canine Familiar     Summ           0%         N/A       82%         3
 Confusing Touch          Hex            0%         N/A       82%         3
 Conjure Flame            Conj/Fire      0%         6-21      82%         3
 Ignite Poison            Fire/Tmut/Pois 0%         N/A       82%         3
 Ozocubu's Armour         Ice            0%         N/A       82%         3
 Portal Projectile        Hex/Tloc       0%         N/A       82%         3
 Leda's Liquefaction      Hex/Erth       0%         N/A       99%         4
 Olgreb's Toxic Radiance  Pois           0%         N/A       99%         4
 Sticky Flame             Conj/Fire      0%         2d3       99%         4
 Summon Forest            Summ/Tloc      0%         N/A       100%        5
 Yara's Violent Unravell  Hex/Tmut       0%         3d3       100%        5
 Ozocubu's Refrigeration  Ice            0%         4d7       100%        7
 Summon Hydra             Summ           0%         N/A       100%        7


Dungeon Overview and Level Annotations

Branches:
Dungeon (12/15)            Temple (1/1) D:4            Lair (5/5) D:10
 Shoals (0/4) Lair:3       Spider (0/4) Lair:3        Slime (0/5) Lair:5
    Orc (0/2) D:9         Ossuary (visited)          Bailey (visited)
Gauntlet (visited)

Altars:
Ashenzari
Cheibriados
Dithmenos
Fedhas
Nemelex Xobeh
Ru
Sif Muna
Trog
Wu Jian
Xom
Yredelemnul
Zin
The Shining One
Jiyva

Shops:
D:4 *   D:8 !   D:11 [

Annotations:
D:3 exclusion: oklob plant
D:5 Sigmund
D:7 2 runed translucent doors, P0WERM0DE's ghost, novice PaIE
D:11 2 transporters, duchin's ghost, journeyman MfWn
Lair:4 3 runed translucent doors, CrazyMind's ghost, journeyman GnWn


Innate Abilities, Weirdness & Mutations

You are too large for most types of armour.
You have claws for hands.
Your natural rate of healing is unusually fast.
You are covered in fur. (AC +1)
You have tough skin. (AC +1)


Message History

The 12-headed hydra is almost dead.
You tear one of the 12-headed hydra's heads off!
The 11-headed hydra grows two more!
You claw the 13-headed hydra!
The 13-headed hydra is almost dead.
You block the 13-headed hydra's attack. The 13-headed hydra bites you! x2
The 13-headed hydra bites you. The 13-headed hydra closely misses you.
The 13-headed hydra bites you! x2; The 13-headed hydra barely misses you.
The 13-headed hydra bites you! The 13-headed hydra bites you.
You block the 13-headed hydra's attack. The 13-headed hydra bites you.
The 13-headed hydra bites you!
You rip one of the 13-headed hydra's heads off!
The 12-headed hydra grows two more!
You mangle the 14-headed hydra!!
The 14-headed hydra is almost dead.
The 14-headed hydra bites you! x2
* * * LOW HITPOINT WARNING * * *
The 14-headed hydra barely misses you.
The 14-headed hydra bites you but does no damage. x2
The 14-headed hydra misses you. The 14-headed hydra bites you!
* * * LOW HITPOINT WARNING * * *
The 14-headed hydra completely misses you.
The 14-headed hydra bites you!
* * * LOW HITPOINT WARNING * * *
The 14-headed hydra bites you.
* * * LOW HITPOINT WARNING * * *
The 14-headed hydra bites you.
* * * LOW HITPOINT WARNING * * *
You block the 14-headed hydra's attack.
The 14-headed hydra bites you but does no damage.
The 14-headed hydra completely misses you.
Unknown command.
Your surroundings seem slightly different.
The 14-headed hydra bites you.
* * * LOW HITPOINT WARNING * * *
The 14-headed hydra closely misses you. You block the 14-headed hydra's attack.
The 14-headed hydra bites you.
* * * LOW HITPOINT WARNING * * *
You block the 14-headed hydra's attack.
The 14-headed hydra bites you but does no damage.
The 14-headed hydra bites you.
You die...

≈≈~.~~~~##....###...P....#.Y.
≈≈≈≈≈~≈≈#####.###.....#..DY
≈≈≈≈≈≈~≈~# #..#..#...#..
≈≈≈≈≈≈~.~# #...###..#.#
≈~≈≈≈≈~..## #.####..P..## .
.~~~~~.#..###.#####.....##.#
........##.##..#.##....P....
#..#.......##...§.#..........
##..[........@............
###..........D....#........#.
#..#.#.#.####..P####.....#.
#...#.#### ##...# #._>....
#...### #.P.## ##.....# #..##
#P..P###...P.## #.)##
##..##.#P(....#. ##.P
##............. ....
##.#...<÷.....


You could see a 14-headed hydra (corroded).

Vanquished Creatures
  Gastronok (D:11)
  A minotaur (Gauntlet)
  A great orb of eyes (Gauntlet)
  2 boulder beetles
  2 centaur warriors
  6 hydras
  7 death yaks
  5 two-headed ogres
  A tengu warrior (D:11)
  Urug (Lair:2)
  Nergalle (D:11)
  Amaemon (Lair:3)
  A necromancer (Gauntlet)
  3 ugly things
  An oklob plant (Lair:1)
  2 slime creatures (D:11)
  A manticore (Lair:5)
  9 elephants
  6 black mambas
  2 torpor snails
  An orange demon (Lair:3)
  16 cane toads
  Maggie (D:10)
  2 rime drakes
  An unseen horror (D:11)
  4 komodo dragons
  A tengu conjurer (D:11)
  3 trolls
  A merfolk (Lair:3)
  2 polar bears
  A hornet (D:7)
  8 blink frogs
  A vampire (D:9)
  2 wyverns
  2 wraiths
  39 yaks
  4 basilisks
  A steam dragon (D:8)
  2 wargs
  2 acid dragons (D:11)
  7 water moccasins
  A sky beast (D:8)
  An ice beast (D:5)
  16 orc warriors
  3 black bears
  8 wolves
  3 ogres
  10 centaurs
  A kobold brigand (D:8)
  12 bullfrogs
  10 scorpions
  5 wights (D:10)
  15 killer bees
  4 howler monkeys
  2 bullfrog zombies (D:5)
  2 jellies
  3 hounds (D:6)
  13 orc priests
  Ijyb (D:5)
  A scorpion zombie (D:5)
  A centaur zombie (D:5)
  Terence (D:3)
  Jessica (D:3)
  3 iguanas
  10 orc wizards
  Natasha (thrice) (D:3)
  A hound zombie (D:5)
  3 mummies (Ossuary)
  11 gnolls
  7 adders
  2 shadow imps
  A white imp (D:8)
  3 ufetubi
  4 worms
  2 dart slugs
  70 orcs
  4 endoplasms
  7 giant cockroaches
  A gnoll zombie (Ossuary)
  6 goblins
  11 hobgoblins
  2 jackals (D:2)
  16 kobolds
  A quokka (D:3)
  4 ball pythons
  3 bats
  4 frilled lizards
  3 goblin zombies (Ossuary)
  2 hobgoblin zombies (Ossuary)
  2 kobold zombies (Ossuary)
  4 rats
459 creatures vanquished.

Vanquished Creatures (others)
  21 fungi
  29 plants
50 creatures vanquished.

Grand Total: 509 creatures vanquished

Notes
Turn   | Place    | Note
-------+----------+-------------------------------------------
     0 | D:1      | MacCMillion the Troll Fighter began the quest for the Orb.
     0 | D:1      | Reached XP level 1. HP: 22/22 MP: 0/0
   308 | D:1      | Reached XP level 2. HP: 24/29 MP: 1/1
  1003 | D:2      | Reached XP level 3. HP: 36/36 MP: 2/2
  1025 | D:2      | Found a glowing silver altar of Zin.
  1038 | D:2      | Reached skill level 3 in Unarmed Combat
  1099 | D:2      | Found a faded altar of an unknown god.
  1548 | D:3      | Reached XP level 4. HP: 40/44 MP: 3/3
  1769 | D:3      | Noticed Natasha
  1778 | D:3      | Killed Natasha
  1815 | D:3      | Noticed Terence
  1837 | D:3      | Killed Terence
  1838 | D:3      | Reached skill level 4 in Unarmed Combat
  1838 | D:3      | Reached XP level 5. HP: 53/53 MP: 4/4
  1850 | D:3      | Found an ornate altar of the Wu Jian Council.
  1874 | D:3      | Noticed Jessica
  1890 | D:3      | Became a worshipper of the Wu Jian Council
  1896 | D:3      | Killed Jessica
  2146 | D:3      | Noticed Natasha
  2149 | D:3      | Killed Natasha
  2191 | D:3      | Found a blossoming altar of Fedhas.
  2205 | D:3      | Noticed an oklob plant
  2400 | D:3      | Noticed Natasha
  2407 | D:3      | Killed Natasha
  2408 | D:3      | Reached XP level 6. HP: 53/61 MP: 5/5
  2482 | D:4      | Found Koighiwe's Assorted Antiques.
  2566 | D:4      | Reached skill level 5 in Unarmed Combat
  2635 | D:4      | Found a staircase to the Ecumenical Temple.
  2675 | D:4      | Reached XP level 7. HP: 39/68 MP: 6/6
  2706 | Temple   | Entered the Ecumenical Temple
  2822 | D:4      | Reached * piety under Wu Jian
  2954 | D:4      | Found a shimmering altar of Xom.
  3095 | D:4      | Reached skill level 6 in Unarmed Combat
  3366 | D:5      | Entered Level 5 of the Dungeon
  3376 | D:5      | Found a sand-covered staircase.
  3384 | Ossuary  | Entered an ossuary
  3384 | Ossuary  | Noticed a wraith
  3384 | Ossuary  | Noticed a wraith
  3384 | Ossuary  | Noticed a wraith
  3585 | Ossuary  | Noticed a wraith
  3592 | Ossuary  | Killed a wraith
  3802 | D:5      | Reached skill level 5 in Shields
  3802 | D:5      | Reached skill level 7 in Unarmed Combat
  3802 | D:5      | Reached XP level 8. HP: 61/79 MP: 7/7
  3834 | D:5      | Noticed Ijyb
  3838 | D:5      | Killed Ijyb
  3905 | D:5      | Found a basalt altar of Yredelemnul.
  4293 | D:5      | Reached ** piety under Wu Jian
  4294 | D:5      | Reached skill level 5 in Fighting
  4510 | D:5      | Reached skill level 8 in Unarmed Combat
  4523 | D:5      | Noticed Sigmund
  4719 | D:6      | Got the Secrets of Congregated Guile
  4895 | D:6      | Found a sparkling altar of Nemelex Xobeh.
  5161 | D:6      | Reached XP level 9. HP: 50/88 MP: 8/8
  5185 | D:6      | Found a glowing golden altar of the Shining One.
  5647 | D:7      | Found a flagged portal.
  5666 | Bailey   | Entered a bailey
  5878 | Bailey   | Reached skill level 9 in Unarmed Combat
  5887 | Bailey   | Reached *** piety under Wu Jian
  6265 | Bailey   | Noticed an orc knight
  6527 | D:7      | Paralysed by a hornet for 3 turns
  7054 | D:7      | Found a large runed translucent door.
  7054 | D:7      | Found a large runed translucent door.
  7055 | D:7      | Noticed P0WERM0DE's ghost (novice PaIE)
  7328 | D:8      | Noticed a two-headed ogre
  7332 | D:8      | Noticed a centaur warrior
  7370 | D:8      | Reached skill level 10 in Unarmed Combat
  7389 | D:8      | Killed a centaur warrior
  7390 | D:8      | Reached XP level 10. HP: 19/100 MP: 9/9
  7500 | D:8      | Found Zary's Distillery.
  7504 | D:8      | Bought a potion of berserk rage for 60 gold pieces
  7504 | D:8      | Bought a potion of haste for 120 gold pieces
  7579 | D:8      | Reached **** piety under Wu Jian
  7697 | D:8      | Killed a two-headed ogre
  8386 | D:9      | Reached skill level 11 in Unarmed Combat
  8652 | D:10     | Entered Level 10 of the Dungeon
  8843 | D:10     | Reached skill level 5 in Dodging
  8943 | D:9      | Identified the +9 scimitar of Defiance {protect, Drain
                  | rElec rN+ Int+4}
  8983 | D:9      | Found a staircase to the Orcish Mines.
  9321 | D:9      | Reached XP level 11. HP: 109/109 MP: 10/10
  9447 | D:10     | Found a staircase to the Lair.
  9525 | D:10     | Noticed a two-headed ogre
  9579 | D:10     | Killed a two-headed ogre
  9904 | D:10     | Reached skill level 12 in Unarmed Combat
  9952 | D:10     | Reached ***** piety under Wu Jian
 10249 | D:10     | Noticed Maggie
 10259 | D:10     | Killed Maggie
 10352 | D:11     | Noticed a tengu warrior
 10370 | D:11     | Killed a tengu warrior
 10568 | D:11     | Noticed Gastronok
 10599 | D:11     | Killed Gastronok
 10721 | D:11     | Found a transporter.
 10724 | D:11     | Found a transporter.
 10724 | D:11     | Noticed duchin's ghost (journeyman MfWn)
 10765 | D:11     | Noticed a two-headed ogre
 10781 | D:11     | Killed a two-headed ogre
 10854 | D:11     | Noticed Nergalle
 10868 | D:11     | HP: 4/90 [spectral orc warrior/+0 battleaxe[Nergalle] (12)]
 10869 | D:11     | Killed Nergalle
 11386 | D:11     | Noticed a centaur warrior
 11394 | D:11     | Killed a centaur warrior
 11395 | D:11     | Reached skill level 13 in Unarmed Combat
 11419 | D:11     | Found Siteb's Armour Shop.
 11427 | D:11     | Noticed a two-headed ogre
 11622 | D:11     | Killed a two-headed ogre
 11623 | D:11     | Reached XP level 12. HP: 116/120 MP: 11/11
 11824 | D:12     | Noticed a two-headed ogre
 11830 | D:12     | Killed a two-headed ogre
 11929 | D:12     | Found a gate leading to a gauntlet.
 11937 | Gauntlet | Entered a Gauntlet
 11937 | Gauntlet | Found a transporter.
 11943 | Gauntlet | Noticed a death yak
 11946 | Gauntlet | Found a transporter.
 11948 | Gauntlet | Noticed a great orb of eyes
 11962 | Gauntlet | Found a transporter.
 11966 | Gauntlet | Found a transporter.
 11982 | Gauntlet | Found a transporter.
 11999 | Gauntlet | Found a transporter.
 11999 | Gauntlet | Noticed a catoblepas
 12002 | Gauntlet | Found a transporter.
 12006 | Gauntlet | Found a transporter.
 12027 | Gauntlet | Noticed a death yak
 12027 | Gauntlet | Noticed a death yak
 12028 | Gauntlet | Noticed a death yak
 12028 | Gauntlet | Noticed a death yak
 12028 | Gauntlet | Noticed a death yak
 12029 | Gauntlet | Found a transporter.
 12029 | Gauntlet | Noticed a death yak
 12046 | Gauntlet | Found a transporter.
 12050 | Gauntlet | Found a transporter.
 12055 | Gauntlet | Noticed a great orb of eyes
 12061 | Gauntlet | Found a transporter.
 12071 | Gauntlet | Noticed a death yak
 12072 | Gauntlet | Noticed a death yak
 12072 | Gauntlet | Noticed a death yak
 12072 | Gauntlet | Noticed a death yak
 12073 | Gauntlet | Noticed a death yak
 12108 | Gauntlet | Killed a great orb of eyes
 12143 | Gauntlet | Identified the +0 cloak of Riuwuah {rPois Int+7}
 12160 | Gauntlet | Identified the +0 hat of Beogh's Benevolence {Fly rF+ rC+
                  | SInv}
 12169 | Gauntlet | Killed a death yak
 12173 | Gauntlet | Killed a death yak
 12364 | Gauntlet | Noticed a minotaur
 12370 | Gauntlet | Killed a minotaur
 12395 | Gauntlet | Identified the +6 dagger "Demonslayer" {freeze, Str+7 SInv}
 12437 | D:12     | Noticed a six-headed hydra
 12517 | Lair:1   | Entered Level 1 of the Lair of Beasts
 12809 | Lair:1   | Reached skill level 14 in Unarmed Combat
 14083 | Lair:1   | Noticed a four-headed hydra
 14912 | Lair:2   | Noticed Urug
 14922 | Lair:2   | Killed Urug
 14923 | Lair:2   | Reached skill level 10 in Shields
 14923 | Lair:2   | Reached XP level 13. HP: 61/131 MP: 12/12
 15270 | Lair:2   | Identified the +10 spear of Eternal War {drain, rN++ Str+4
                  | Int-4}
 16496 | Lair:3   | Noticed Amaemon
 16511 | Lair:3   | Reached skill level 15 in Unarmed Combat
 16512 | Lair:3   | Killed Amaemon
 16898 | Lair:3   | Found a hole to the Spider Nest.
 17513 | Lair:3   | Found a staircase to the Shoals.
 17606 | Lair:4   | Noticed a minotaur
 17606 | Lair:4   | Noticed CrazyMind's ghost (journeyman GnWn)
 18997 | Lair:4   | Reached skill level 10 in Fighting
 19008 | Lair:4   | Reached skill level 16 in Unarmed Combat
 19106 | Lair:4   | Reached XP level 14. HP: 123/143 MP: 13/13
 19167 | Lair:4   | Found a runed translucent gate.
 19167 | Lair:4   | Found a runed translucent gate.
 19167 | Lair:4   | Found a runed translucent gate.
 19552 | Lair:5   | Entered Level 5 of the Lair of Beasts
 19607 | Lair:5   | Found a viscous altar of Jiyva.
 19607 | Lair:5   | Found a staircase to the Slime Pits.
 20053 | Lair:5   | HP: 5/143 [12-headed hydra (10)]
 20367 | Lair:5   | HP: 5/143 [14-headed hydra (6)]
 20367 | Lair:5   | Slain by a 14-headed hydra

Illustrated notes

Levels and vault maps discovered:
D:1:      lemuel_arrival_behind_the_door_small, layout_basic
D:2:      layout_loops_ring, hellmonk_ecumenical_altar_dog_temple, basic_altar
D:3:      layout_basic, tgw_fedhas, mainiacjoe_overflow_surrounded_room,
          uniq_natasha, uniq_terence, uniq_jessica
D:4:      layout_basic, xom_teletrap_fun, minmay_temple_entry_tees,
          serial_shops, nicolae_shop_competitors_out_of_business,
          chequers_hall_statues_corner_a
D:5:      layout_loops_corners, nicolae_yredelemnul_corpse_copse,
          nicolae_ossuary_entry_monument, uniq_sigmund, uniq_ijyb
D:6:      minmay_general_purpose_star, layout_loops_ring,
          mainiacjoe_overflow_brackets, nicolae_tso_carved_into_rock
D:7:      layout_basic, ebering_ghost_disaster_area, enter_bailey_4
D:8:      layout_basic, serial_shops, shop, minmay_chambers_of_fives
D:9:      layout_stronghold, david_orc_5
D:10:     layout_basic, erik_lair_orcish_takeover, uniq_maggie
D:11:     layout_roguey, serial_shops, nicolae_shop_advertising_works
          [nicolae_subvault_shop_adworks], gammafunk_ghost_arena, uniq_nergalle,
          uniq_gastronok
D:12:     layout_basic, gauntlet_entry_generic, grunt_ogre_cave
Temple:   nicolae_temple_slightly_damp_pantheon
Lair:1:   layout_small_grid, hibernation_bobbens
Lair:2:   layout_gridlike, nicolae_quartered_pool_medium, lemuel_fruit_tree,
          uniq_urug
Lair:3:   layout_regular_city, elwin_shoals_entry_rooms,
          nicolae_spider_entry_non_spiders, grunt_megastairs_3,
          serial_bayou_shore_b, uniq_amaemon
Lair:4:   layout_regular_city, maelrawn_ghost_gauntlet_escape,
          hangedman_lair_generics_rect, infiniplex_staircase_pool_2
Lair:5:   evil_forest, layout_loops_ring, slime_entry_1, columned_hall_lemuel,
          chequers_serial_rivers_room_a, infiniplex_staircase_pool

Skill      XL: |  1  2  3  4  5  6  7  8  9 10 11 12 13 14 |
---------------+-------------------------------------------+-----
Shields        | 3 4 5 6 7 9 10 11 | 11.2
Unarmed Combat | 3 4 5 7 8 10 11 13 14 16 | 16.4
Fighting       | 3 4 5 6 7 8 9 10 | 10.3
Dodging        | 4 5 6 7 8 9 |  9.0

Action                   |  1- 3 |  4- 6 |  7- 9 | 10-12 | 13-15 || total
-------------------------+-------+-------+-------+-------+-------++-------
Melee: Unarmed           |    89 |   129 |   378 |   590 |   377 ||  1563
Throw: Javelin           |       |       |       |       |     2 ||     2
       Throwing net      |       |       |       |       |     1 ||     1
Invok: Lunge             |       |     7 |    48 |    59 |    33 ||   147
       Whirlwind         |       |       |    29 |    49 |    31 ||   109
       Serpent's Lash    |       |       |       |     1 |    10 ||    11
Evoke: Wand              |       |       |       |     3 |    20 ||    23
  Use: Scroll            |       |       |    14 |     5 |     2 ||    21
       Potion            |       |       |     2 |     3 |     1 ||     6
 Stab: Distracted        |       |       |     1 |       |       ||     1
Armor: Robe              |    32 |    15 |    71 |       |       ||   118
       Steam dragon scal |       |       |       |   154 |    79 ||   233
Dodge: Dodged            |    37 |    27 |    90 |   173 |   118 ||   445
Block: Kite shield       |    29 |    28 |   144 |   197 |   131 ||   529
